 Dungeon Crawl Stone Soup version 0.30-a0-585-g93115170b9 (webtiles) character file.

Game seed: 8965877918323065744

3758 Newt the Prestidigitator (level 9, -2/69 HPs)
             Began as a Demonspawn Gladiator on Jan 2, 2023.
             Was a Follower of Makhleb.
             Killed from afar by an orc wizard (6 damage)
             ... with a puff of flame
             ... on level 8 of the Dungeon.
             The game lasted 00:11:51 (9889 turns).

Newt the Prestidigitator (Demonspawn Gladiator)     Turns: 9889, Time: 00:11:51

Health: -2/69      AC: 11    Str: 18    XL:     9   Next: 94%
Magic:  18/18      EV: 14    Int: 10    God:    Makhleb [*.....]
Gold:   408        SH:  5    Dex: 20    Spells: 8/8 levels left

rFire   . . .      SeeInvis .    O - +0 lajatang (chaos)
rCold   . . .      Faith    .    (shield currently unavailable)
rNeg    + . .      Spirit   .    K - +1 leather armour "Caistaak" {rN+ Will- Dex+5 Stlth+}
rPois   .          Reflect  +    (helmet restricted)
rElec   .          Harm     .    H - +2 cloak
rCorr   .          Rampage  .    w - +0 pair of gloves
Will    .....      Rage     3%   L - +2 pair of boots
Stlth   +++                      u - amulet of reflection
HPRegen 0.31/turn                D - ring of magical power
MPRegen 0.16/turn                (no ring)

@: no status effects
A: horns 1, icy blue scales 1, condensation shield, berserk 1, deformed body
a: Renounce Religion


You were on level 8 of the Dungeon.
You worshipped Makhleb.
Makhleb was aware of your devotion.
You visited 2 branches of the dungeon, and saw 9 of its levels.

You collected 408 gold pieces.

Inventory:

Hand Weapons
 a - a +0 dagger of electrocution
 b - a +0 sling
 j - a +1 dagger of speed
 p - a +0 rapier
 r - a +1 short sword of freezing
 v - a +0 dagger
 z - a +3 mace
 A - a +3 quarterstaff of chaos
 O - a +0 lajatang of chaos (weapon)
Missiles
 d - 2 throwing nets (quivered)
 e - a javelin
 i - 8 boomerangs
 E - 29 poisoned darts
Armour
 c - a +0 helmet
 h - a +0 leather armour
 q - a +2 helmet
 w - a +0 pair of gloves (worn)
 B - a +0 cloak
 H - a +2 cloak (worn)
 K - the +1 leather armour "Caistaak" (worn) {rN+ Will- Dex+5 Stlth+}
   (You found it on level 5 of the Dungeon)

   Dex:       It affects your dexterity (+5).
   rN:        It protects you from negative energy.
   Will:      It decreases your willpower.
   Stlth:     It makes you more stealthy.
 L - a +2 pair of boots (worn)
Jewellery
 u - an amulet of reflection (around neck)
 x - an amulet of faith
 y - an amulet of magic regeneration
 D - a ring of magical power (left hand)
 I - an amulet of guardian spirit
 Q - a +6 ring of dexterity
Wands
 n - a wand of mindburst (10)
 M - a wand of light (12)
 R - a wand of iceblast (7)
Scrolls
 l - 2 scrolls of amnesia
 s - 4 scrolls of immolation
 C - 2 scrolls of magic mapping
 G - a scroll of vulnerability
 N - a scroll of identify
 P - a scroll of teleportation
 S - 2 scrolls of silence
Potions
 f - 3 potions of degeneration
 g - 3 potions of attraction
 k - 2 potions of flight
 m - a potion of might
 o - 2 potions of invisibility
 t - a potion of berserk rage
 F - 2 potions of curing
 J - a potion of magic
 T - a potion of brilliance {unknown}


   Skills:
 - Level 6.0 Fighting
 - Level 4.0 Short Blades
 - Level 7.0 Staves
 - Level 3.0 Throwing
 + Level 1.1 Armour
 - Level 4.0 Dodging
 - Level 3.0 Stealth
 - Level 8.3 Evocations


You had 8 spell levels left.
You didn't know any spells.
Your spell library contained the following spells:

 Spells                   Type           Power      Damage    Failure   Level
 Blink                    Tloc           0%         N/A       56%         2
 Momentum Strike          Conj/Tloc      0%         3d8       56%         2
 Call Canine Familiar     Summ           0%         N/A       80%         3
 Gell's Gravitas          Tloc           0%         N/A       80%         3
 Lesser Beckoning         Tloc           0%         N/A       80%         3
 Portal Projectile        Hex/Tloc       0%         N/A       80%         3
 Teleport Other           Tloc           0%         N/A       80%         3
 Animate Armour           Summ/Erth      0%         N/A       99%         4
 Leda's Liquefaction      Hex/Erth       0%         N/A       99%         4
 Blade Hands              Tmut           0%         N/A       100%        5
 Iron Shot                Conj/Erth      0%         9d1       100%        6


Dungeon Overview and Level Annotations

Branches:
Dungeon (8/15)             Temple (1/1) D:7
   Lair: D:8-11

Altars:
Cheibriados
Dithmenos
Fedhas
Gozag
Hepliaklqana
Kikubaaqudgha
Makhleb
Nemelex Xobeh
Okawaru
Qazlal
Ru
Sif Muna
Uskayaw
Vehumet
Xom
Yredelemnul

Annotations:
D:6 2 transporters, Banquo's ghost, novice DjAE


Innate Abilities, Weirdness & Mutations

You have a pair of small horns on your head.
You are partially covered in icy blue scales. (AC +2)
A meltable shield of frost defends you. (SH +0)
You sometimes lose your temper in combat.
Armour fits poorly on your strangely shaped body.


Message History

You closely miss something. Something hits you.
You hear some strange, mumbled words.
You are more confused.
You hear some strange, mumbled words.
A magic dart appears from out of thin air!
The magic dart hits you.
* * * LOW HITPOINT WARNING * * *
Something hits you.
* * * LOW HITPOINT WARNING * * *
Something hits you!
* * * LOW HITPOINT WARNING * * *
Something hits you.
* * * LOW HITPOINT WARNING * * *
You see here a +0 club.
Okay, then.
You are too confused!
You feel better. Something hits you but does no damage. Something hits you.
* * * LOW HITPOINT WARNING * * *
Okay, then.
You miss something. Something hits you.
* * * LOW HITPOINT WARNING * * *
You block something's attack.
You feel better.
Something hits you but does no damage. x2
You slash something! You freeze something. Makhleb accepts your kill.
Reactivating autopickup.
You feel a bit more experienced. Something hits you.
* * * LOW HITPOINT WARNING * * *
Deactivating autopickup; reactivate with Ctrl-A.
Something hits you but does no damage.
Items here: )) [ †.
You start resting.
Something hits you but does no damage.
You start resting.
Something hits you but does no damage.
You start resting.
Something hits you.
* * * LOW HITPOINT WARNING * * *
You start resting.
You hear some strange, mumbled words.
A puff of flame appears from out of thin air!
The puff of flame hits you.
You die...

....## ##)## #.##.##. .....#
#...# #....... ..##.# #.))#
#######.### .###.# #.).#
#.......# # ## #.####### #<..#
#.##....### # #.......# #...#
##.#........
#.#####.###...#####...........
####.##........){)......#........
..).............@)........#......
#))..........................>#..
..##.....#.###...#####.##.#..##..
#.#........# #...# #...........
#.#[#.###### #>..# #######.####
#.....# #...# #.#### ###.#######
#...# #..... #.......####...###
###### #..####.##.......######
#.))


There were no monsters in sight!

Vanquished Creatures
  A two-headed ogre (D:5)
  Prince Ribbit (D:8)
  A wyvern (D:8)
  A steam dragon (D:7)
  A water moccasin (D:7)
  2 orc warriors (D:8)
  An ice beast (D:7)
  3 sky beasts
  A centaur (D:5)
  2 kobold brigands
  2 necrophages
  A wyvern zombie (D:5)
  4 scorpions
  7 wights
  A bullfrog zombie (D:5)
  A human zombie (D:5)
  A gnoll bouda (D:5)
  3 hounds
  A jelly (D:6)
  8 orc priests
  Crazy Yiuf (D:2)
  An iguana (D:3)
  Terence (D:3)
  7 orc wizards
  A hound zombie (D:5)
  3 mummies (D:5)
  Robin (D:2)
  9 gnolls
  6 adders
  2 white imps
  2 worms
  2 dart slugs
  37 orcs
  3 endoplasms (D:3)
  8 giant cockroaches
  17 goblins
  6 hobgoblins
  19 kobolds
  3 quokkas
  10 ball pythons
  5 bats
  4 frilled lizards
  2 rats
193 creatures vanquished.

Vanquished Creatures (others)
  2 demonic plants (D:1)
2 creatures vanquished.

Grand Total: 195 creatures vanquished

Notes
Turn   | Place    | Note
-------+----------+-------------------------------------------
     0 | D:1      | Newt the Demonspawn Gladiator began the quest for the Orb.
     0 | D:1      | Reached XP level 1. HP: 16/16 MP: 1/1
   136 | D:1      | Reached skill level 1 in Stealth
   181 | D:1      | Gained mutation: A meltable shield of frost defends you.
                  | (SH +0) [demonic ancestry]
   181 | D:1      | Reached XP level 2. HP: 20/22 MP: 2/2
   603 | D:1      | Found a faded altar of an unknown god.
   603 | D:1      | Noticed an Executioner
   766 | D:2      | HP: 1/23 [poisoned by an adder]
  1123 | D:2      | Reached XP level 3. HP: 29/29 MP: 3/3
  1220 | D:2      | Found a runed translucent door.
  1221 | D:2      | Noticed Crazy Yiuf
  1300 | D:2      | Noticed Robin
  1327 | D:2      | Killed Robin
  1399 | D:2      | Reached XP level 4. HP: 37/37 MP: 4/4
  1796 | D:2      | Killed Crazy Yiuf
  2467 | D:3      | Noticed Terence
  2472 | D:3      | Killed Terence
  2473 | D:3      | Reached XP level 5. HP: 42/42 MP: 5/5
  3041 | D:3      | HP: 3/63 [goblin/+0 club (2)]
  3051 | D:3      | Reached XP level 6. HP: 6/49 MP: 6/6
  3842 | D:4      | Gained mutation: You have hidden genetic defects. [potion
                  | of mutation]
  3842 | D:4      | Gained mutation: Your movements are slightly less
                  | encumbered by armour. (ER -2) [potion of mutation]
  3843 | D:4      | Lost mutation: You have hidden genetic defects. [potion of
                  | mutation]
  3843 | D:4      | Lost mutation: Your movements are slightly less encumbered
                  | by armour. (ER -2) [potion of mutation]
  3843 | D:4      | Gained mutation: Your body sometimes deteriorates upon
                  | taking damage. [potion of mutation]
  3843 | D:4      | Gained mutation: You passively map a small area around you.
                  | [potion of mutation]
  4040 | D:4      | Reached skill level 5 in Fighting
  5289 | D:5      | Entered Level 5 of the Dungeon
  5330 | D:5      | Gained mutation: You are partially covered in icy blue
                  | scales. (AC +2) [demonic ancestry]
  5330 | D:5      | Reached XP level 7. HP: 58/58 MP: 7/7
  5382 | D:5      | Found an ancient bone altar of Kikubaaqudgha.
  5508 | D:5      | Reached skill level 1 in Evocations
  5521 | D:5      | Reached skill level 2 in Evocations
  5559 | D:5      | Reached skill level 3 in Evocations
  5562 | D:5      | Gained mutation: You have a pair of small horns on your
                  | head. [demonic ancestry]
  5562 | D:5      | Reached XP level 8. HP: 64/64 MP: 8/8
  5686 | D:5      | Reached skill level 4 in Evocations
  6083 | D:5      | Noticed a two-headed ogre
  6104 | D:5      | Killed a two-headed ogre
  6105 | D:5      | Reached skill level 7 in Evocations
  6837 | D:5      | Identified the +1 leather armour "Caistaak" {rN+ Will-
                  | Dex+5 Stlth+}
  7009 | D:6      | Reached skill level 8 in Evocations
  7009 | D:6      | Reached XP level 9. HP: 69/69 MP: 9/9
  7155 | D:6      | Noticed Banquo's ghost (novice DjAE)
  7156 | D:6      | Found a transporter.
  7192 | D:6      | Found a transporter.
  7326 | D:6      | Reached skill level 1 in Staves
  7747 | D:7      | Found the +2 hood of the Assassin {Detection Stab+ Stlth++}
  8842 | D:7      | Reached skill level 5 in Staves
  9101 | D:7      | Found a staircase to the Ecumenical Temple.
  9106 | Temple   | Entered the Ecumenical Temple
  9286 | Temple   | Became a worshipper of Makhleb the Destroyer
  9416 | D:8      | Lost mutation: You passively map a small area around you.
                  | [potion of mutation]
  9416 | D:8      | Lost mutation: Your body sometimes deteriorates upon taking
                  | damage. [potion of mutation]
  9416 | D:8      | Gained mutation: You sometimes lose your temper in combat.
                  | [potion of mutation]
  9416 | D:8      | Gained mutation: Armour fits poorly on your strangely
                  | shaped body. [potion of mutation]
  9431 | D:8      | Noticed Prince Ribbit
  9434 | D:8      | Killed Prince Ribbit
  9647 | D:8      | Reached * piety under Makhleb
  9858 | D:8      | Reached skill level 1 in Armour
  9888 | D:8      | HP: 3/69 [something (6)]
  9889 | D:8      | Killed from afar by an orc wizard

Illustrated notes

Levels and vault maps discovered:
D:1:      lightli_iron_boxes, layout_loops_ring,
          dreamdust_ecumenical_altar_sealed_demon, nrook_mini_vaults
D:2:      layout_basic, nicolae_titane, uniq_crazy_yiuf_cottage, uniq_robin
D:3:      cheibrodos_helix_gallery, layout_basic, nicolae_figureground_pulse,
          uniq_terence
D:4:      layout_cave_pods
D:5:      layout_loops_ring, lemuel_mausoleum_altar_kikubaaqudgha
D:6:      layout_basic, gammafunk_ghost_smash
D:7:      layout_basic, minmay_temple_entry_nine_rooms
D:8:      layout_loops_cross, chequers_temple_overflow_minitemple,
          uniq_prince_ribbit1
Temple:   bh_familiar_temple

Skill      XL: |  1  2  3  4  5  6  7  8  9 |
---------------+----------------------------+-----
Stealth        | 1 2 3 |  3.0
Fighting       | 3 4 6 |  6.0
Short Blades   | 3 4 |  4.0
Throwing       | 2 3 |  3.0
Dodging        | 4 |  4.0
Evocations     | 3 8 |  8.3
Staves         | 7 |  7.0
Armour         | 1 |  1.1

Action                   |  1- 3 |  4- 6 |  7- 9 || total
-------------------------+-------+-------+-------++-------
Melee: Rapier            |    22 |       |       ||    22
       Dagger            |    41 |   224 |    74 ||   339
       Short sword       |    48 |     5 |       ||    53
       Punch             |       |     3 |     3 ||     6
       Mace              |       |       |   105 ||   105
       Headbutt          |       |       |    54 ||    54
       Lajatang          |       |       |   175 ||   175
 Fire: Sling             |    24 |    26 |       ||    50
Throw: Throwing net      |       |     4 |     3 ||     7
       Javelin           |       |       |     1 ||     1
Evoke: Wand              |       |       |     5 ||     5
  Use: Scroll            |     6 |     6 |     8 ||    20
       Potion            |       |    10 |     3 ||    13
 Stab: Sleeping          |       |     5 |    10 ||    15
       Held in net/web   |       |     2 |     1 ||     3
       Invisible         |       |     5 |       ||     5
Armor: Leather armour    |    35 |    71 |   122 ||   228
       Skin              |       |    24 |       ||    24
Dodge: Dodged            |    53 |   112 |   204 ||   369
Block: Other             |    10 |   109 |   156 ||   275
       Reflection        |       |       |     2 ||     2

Table legend: (Time is in decaauts)
 A = Elapsed time spent in this place.
 B = Non-inter-level travel time spent in this place.
 C = Inter-level travel time spent in this place.
 D = Time resting spent in this place.
 E = Time spent auto-exploring this place.
 F = Levels seen in this place.
 G = Mean time per level.
                   A        B        C        D        E       F      G
               +--------+--------+--------+--------+--------+-----+--------+
         Total |   9913 |   9625 |    288 |   3327 |   4661 |   9 | 1101.4 |
       Dungeon |   9712 |   9457 |    255 |   3327 |   4496 |   8 | 1214.0 |
        Temple |    201 |    168 |     33 |      0 |    165 |   1 |  201.0 |
               +--------+--------+--------+--------+--------+-----+--------+

Top non-repeatable levels by time:
     D:4: 1756 daAuts
     D:5: 1668 daAuts
     D:3: 1645 daAuts
     D:7: 1155 daAuts
     D:2: 1127 daAuts
     D:8: 943 daAuts
     D:1: 710 daAuts
     D:6: 705 daAuts
  Temple: 201 daAuts
